 Dungeon Crawl Stone Soup version 0.27-a0-577-ge2a43ba0c9 (webtiles) character file.

Game seed: 12551600666771604300

30126 tilp the Martial Artist (level 13, -4/90 HPs)
             Began as an Octopode Transmuter on Mar 9, 2021.
             Was a High Priest of Okawaru.
             Engulfed by a cloud of flame (10 damage)
             ... in a volcano.
             The game lasted 00:45:57 (28434 turns).

tilp the Martial Artist (Octopode Transmuter)      Turns: 28434, Time: 00:45:58

Health: -4/90      AC:  3    Str: 10    XL:     13   Next: 49%
Magic:  0/22       EV: 22    Int: 19    God:    Okawaru [*****.]
Gold:   1078       SH:  0    Dex: 19    Spells: 7/24 levels left

rFire    + . .     SeeInvis +     - Unarmed
rCold    . . .     Faith    .   v - +3 buckler
rNeg     + + +     Spirit   +   n - +2 hat {Will+}
rPois    .         Reflect  .   l - amulet of guardian spirit
rElec    .         Harm     .   q - +6 ring of dexterity
rCorr    .         Rampage  .   j - ring of positive energy
Will     +....                  g - ring of see invisible
Stlth    ++........             C - ring of positive energy
HPRegen  0.25/turn              G - ring of protection from fire
MPRegen  0.18/turn              t - ring of positive energy
                                Q - +4 ring of evasion
                                (no ring)

@: confused, about to teleport, ambrosia-drunk
A: almost no armour, amphibious, 8 rings, constrict 8, camouflage 1, gelatinous
body 1, nimble swimmer 1
a: Renounce Religion, Heroism, Finesse


You were in a volcano.
You worshipped Okawaru.
Okawaru was extremely pleased with you.
You visited 2 branches of the dungeon, and saw 15 of its levels.
You also visited: Ossuary and Volcano.

You collected 1466 gold pieces.
You spent 388 gold pieces at shops.

Inventory:

Hand Weapons
 H - the +4 shortbow of the Swamp {freeze, rPois}
   (Okawaru gifted it to you on level 2 of the Lair of Beasts)

   It causes projectiles fired from it to freeze those they strike, causing
   extra injury to most foes and up to half again as much damage against
   particularly susceptible opponents.
   They can also slow down cold-blooded creatures.
   It protects you from poison.
Missiles
 r - 8 boomerangs
 u - 34 poisoned darts (quivered)
 y - a curare-tipped dart
 F - 3 atropa-tipped darts
 L - 6 throwing nets {!f}
Armour
 n - a +2 hat of willpower (worn)
 v - a +3 buckler (worn)
 S - a +2 hat of see invisible
Jewellery
 g - a ring of see invisible (on tentacle)
 j - a ring of positive energy (right tentacle)
 l - an amulet of guardian spirit (around mantle)
 m - an amulet of reflection
 p - a ring of ice
 q - a +6 ring of dexterity (left tentacle)
 t - a ring of positive energy (on tentacle)
 C - a ring of positive energy (on tentacle)
 D - an amulet of regeneration
 G - a ring of protection from fire (on tentacle)
 Q - a +4 ring of evasion (on tentacle)
Wands
 o - a wand of polymorph (7)
 B - a wand of digging (3)
 E - a wand of flame (20)
 K - a wand of random effects (16)
 P - a wand of acid (3)
Scrolls
 d - 2 scrolls of magic mapping
 f - a scroll of fear
 h - 2 scrolls of enchant weapon
 x - 3 scrolls of teleportation
 R - a scroll of fog
Potions
 a - a potion of brilliance
 b - 7 potions of ambrosia
 c - a potion of curing
 e - 6 potions of flight
 i - 2 potions of berserk rage
 k - 3 potions of resistance
 s - 2 potions of might
 w - 3 potions of cancellation
 z - a potion of haste
 A - 2 potions of attraction
 J - a potion of mutation
 N - 2 potions of magic
 O - a potion of heal wounds {unknown}
Miscellaneous
 I - a box of beasts (inert)
 M - a lightning rod (3/4)


   Skills:
 + Level 9.2 Fighting
 - Level 8.0 Dodging
 - Level 6.0 Stealth
 - Level 4.0 Shields
 + Level 10.8 Unarmed Combat
 - Level 6.0 Spellcasting
 - Level 10.0 Transmutations
 - Level 4.0 Ice Magic
 - Level 2.0 Poison Magic
 - Level 8.0 Invocations
 - Level 6.0 Evocations


You had 7 spell levels left.
You knew the following spells:

 Your Spells              Type           Power      Damage    Failure   Level
a - Beastly Appendage     Tmut           86%        N/A       1%          1
b - Wereblood             Tmut           43%        N/A       1%          2
c - Spider Form           Tmut/Pois      14%        N/A       2%          3
d - Ice Form              Ice/Tmut       32%        N/A       6%          4
e - Blade Hands           Tmut           21%        N/A       4%          5
f - Blink                 Tloc           N/A        N/A       17%         2

Your spell library contained the following spells:

 Spells                   Type           Power      Damage    Failure   Level
 Animate Skeleton         Necr           10%        N/A       11%         1
 Magic Dart               Conj           20%        1d4       11%         1
 Pain                     Necr           20%        1d5       11%         1
 Sandblast                Erth           10%        2d5       11%         1
 Shock                    Conj/Air       20%        1d4       11%         1
 Call Imp                 Summ           5%         N/A       17%         2
 Searing Ray              Conj           10%        3d3       17%         2
 Slow                     Hex            5%         N/A       17%         2
 Swiftness                Air            5%         N/A       17%         2
 Mephitic Cloud           Conj/Pois/Air  8%         N/A       26%         3
 Conjure Flame            Conj/Fire      5%         6-21      32%         3
 Dazzling Flash           Conj/Hex       10%        N/A       32%         3
 Static Discharge         Conj/Air       5%         N/A       32%         3
 Stone Arrow              Conj/Erth      10%        3d7       32%         3
 Vampiric Draining        Necr           2%         2d6       32%         3
 Airstrike                Air            2%         N/A       73%         4
 Animate Dead             Necr           2%         N/A       73%         4
 Fulminant Prism          Conj/Hex       2%         3d6       73%         4
 Iskenderun's Mystic Bla  Conj/Tloc      5%         2d3       73%         4
 Sticky Flame             Conj/Fire      5%         2d3       73%         4
 Metabolic Englaciation   Hex/Ice        6%         N/A       80%         5
 Agony                    Necr           5%         N/A       97%         5
 Lightning Bolt           Conj/Air       2%         1d14      97%         5
 Silence                  Hex/Air        2%         N/A       97%         5


Dungeon Overview and Level Annotations

Branches:
Dungeon (11/15)            Temple (0/1) D:7            Lair (4/6) D:8
  Swamp (0/4) Lair:2       Spider (0/4) Lair:2          Orc (0/2) D:10
Ossuary (visited)         Volcano (1/1)

Altars:
Ashenzari
Gozag
Makhleb
Nemelex Xobeh
Okawaru
Ru
Uskayaw
Vehumet
Wu Jian
Xom
Zin
The Shining One
Beogh

Shops:
D:5 *[:((   D:6 (   D:11 !

Annotations:
D:6 1 runed translucent door, Philosophunculist's ghost, novice TrNe
D:9 2 transporters
D:11 death knight, exclusion: wraith Volcano exclusion: obsidian statue


Innate Abilities, Weirdness & Mutations

You cannot wear most types of armour.
You are amphibious.
You can wear up to eight rings at the same time.
You can use your tentacles to constrict eight enemies at once.
Your skin changes colour to match your surroundings (Stealth+).
Your rubbery body absorbs attacks. (AC +1, EV +1)
You are stealthy while swimming. (Stealth+)


Message History

Your juvenile weirdfire beast is engulfed in blazing flames.
You hear an angry squeal.
You are engulfed in blazing flames.
You resist.
* * * LOW HITPOINT WARNING * * *
Your juvenile weirdfire beast disappears in a puff of smoke!
You are engulfed in blazing flames.
You resist.
* * * LOW HITPOINT WARNING * * *
You hear an angry hiss.
A hell hog and an obsidian statue come into view.
Your primal bloodlust has ended.
The hell hog breathes fire at you.
The fireball explodes!
The fireball engulfs you!! You resist.
* * * LOW HITPOINT WARNING * * *
Marking area around an obsidian statue as unsafe for travelling.
Okay, then.
Okay, then.
Press: ? - help, v - describe, . - travel
Here: a hell hog (catching its breath)
The floor.
Okay, then.
Okay, then.
You feel better. The hell hog closely misses you.
As you read the scroll of teleportation, it crumbles to dust.
You feel strangely unstable. The hell hog bites you.
* * * LOW HITPOINT WARNING * * *
The obsidian statue's eyes glow briefly.
The obsidian statue attempts to bespell you!
You resist with almost no effort. The hell hog misses you.
Okay, then.
You are confused.
You feel invigorated.
A steam dragon comes into view.
The obsidian statue's eyes glow briefly.
The hell hog breathes fire at you.
The fireball explodes!
The fireball engulfs you! You resist.
* * * LOW HITPOINT WARNING * * *
The fireball engulfs the hell hog.
The hell hog resists.
You nearly stumble into some lava!
You are engulfed in blazing flames.
You resist.
You die...

##.## .. #.# .
#'######## ###
#........##
.8##########..#
.4#§#○#☼#≈##.#
#D#§#○#☼#≈##.#
#h#§#§#§#§#..#
#@§§§§§§§°#8#
#§#§#§#§#°###
#§#°#○#☼#≈#
#§#°#○#☼#≈#
###########


You could see an obsidian statue, a hell hog (catching breath), a hellwing
(summoned) and a steam dragon.

Vanquished Creatures
  Gastronok (D:9)
  Harold (D:7)
  A hydra (Lair:2)
  A two-headed ogre (D:8)
  A cyclops (D:11)
  An elephant (Lair:2)
  A black mamba (Lair:3)
  7 cane toads
  16 rime drakes
  2 queen bees
  A hornet (D:11)
  A troll (D:8)
  10 blink frogs
  A redback (Lair:2)
  A vampire (D:9)
  4 wyverns
  28 yaks
  4 basilisks
  3 fire bats (Volcano)
  7 steam dragons
  10 water moccasins
  2 hell hounds (Lair:4)
  4 ice beasts
  4 orc warriors
  A swamp drake (Lair:2)
  4 sky beasts
  2 black bears
  A necrophage (D:9)
  3 ogres
  13 wolves
  6 centaurs
  2 phantoms
  2 kobold brigands
  2 elf zombies (Ossuary)
  11 bullfrogs
  A water moccasin zombie (D:9)
  A water moccasin skeleton (D:9)
  53 killer bees
  A howler monkey (D:10)
  4 electric eels
  3 centaur zombies (Ossuary)
  3 lava snakes (Volcano)
  A bullfrog zombie (D:8)
  A jelly (D:9)
  4 orc priests
  11 hounds
  2 quasits (D:10)
  A bullfrog skeleton (D:9)
  2 human zombies (Ossuary)
  A gnoll shaman (D:4)
  2 orc wizards
  2 iguanas (Lair:2)
  A hell rat (Lair:2)
  10 worker ants
  A killer bee zombie (D:8)
  A hound zombie (D:9)
  2 hound skeletons (D:9)
  2 mummies (Ossuary)
  A howler monkey zombie (D:9)
  A worker ant zombie (D:7)
  12 gnolls
  A howler monkey skeleton (D:8)
  10 adders
  A river rat (Lair:2)
  4 shadow imps
  4 white imps
  2 ufetubi (D:5)
  An ooze (D:5)
  An adder skeleton (D:4)
  2 adder zombies
  A worm (D:3)
  11 dart slugs
  2 leopard geckos
  28 orcs
  A ball python (D:1)
  4 giant cockroaches
  8 goblins
  2 hobgoblins
  3 jackals
  3 quokkas
  6 bats
  7 frilled lizards
  2 goblin zombies (Ossuary)
  8 hobgoblin zombies (Ossuary)
  A jackal zombie (D:7)
  15 kobolds
  11 kobold zombies (Ossuary)
  A leopard gecko zombie (D:6)
  6 orc zombies (Ossuary)
  A quokka zombie (D:8)
  7 rats
  3 rat zombies
440 creatures vanquished.

Vanquished Creatures (collateral kills)
  2 fire bats (Volcano)
  A lava snake (Volcano)
3 creatures vanquished.

Vanquished Creatures (others)
  19 fungi
  47 plants
66 creatures vanquished.

Grand Total: 509 creatures vanquished

Notes
Turn   | Place    | Note
-------+----------+-------------------------------------------
     0 | D:1      | tilp the Octopode Transmuter began the quest for the Orb.
     0 | D:1      | Reached XP level 1. HP: 13/13 MP: 3/3
    82 | D:1      | Reached skill level 1 in Stealth
   308 | D:1      | Reached XP level 2. HP: 18/18 MP: 5/5
   311 | D:1      | Learned a level 2 spell: Wereblood
  1384 | D:2      | Reached XP level 3. HP: 23/23 MP: 6/6
  1438 | D:2      | Found an ornate altar of the Wu Jian Council.
  2564 | D:3      | Reached XP level 4. HP: 14/29 MP: 3/7
  3573 | D:4      | Noticed an ogre
  3905 | D:4      | Reached XP level 5. HP: 35/35 MP: 3/8
  4808 | D:4      | Reached XP level 6. HP: 42/42 MP: 7/9
  5446 | D:5      | Entered Level 5 of the Dungeon
  6132 | D:5      | Found Fuxzo's Assorted Antiques.
  6140 | D:5      | Reached skill level 5 in Unarmed Combat
  6375 | D:5      | Found a glowing silver altar of Zin.
  6470 | D:5      | Found an opulent altar of Gozag.
  6470 | D:5      | Found Daesoem's Book Shop.
  6490 | D:5      | Found Tirisaap's Antique Weapon Shoppe.
  6609 | D:5      | Found Onadaidgh's Weapon Shoppe.
  6624 | D:5      | Found Yro Remneasy's Antique Armour Emporium.
  6632 | D:5      | Bought a buckler for 108 gold pieces
  6790 | D:6      | Reached XP level 7. HP: 42/48 MP: 6/10
  6854 | D:6      | Found Yxtetebb's Antique Weapon Shop.
  6937 | D:6      | Found an iron altar of Okawaru.
  6944 | D:6      | Became a worshipper of Warmaster Okawaru
  7023 | D:6      | Found a broken altar of Ashenzari.
  7065 | D:6      | Reached skill level 1 in Shields
  7228 | D:6      | Found a runed translucent door.
  7228 | D:6      | Found a shimmering altar of Xom.
  7228 | D:6      | Noticed Philosophunculist's ghost (novice TrNe)
  7230 | D:6      | Noticed a +2 whip of chaos
  7287 | D:5      | Bought a book of Minor Magic for 280 gold pieces
  7291 | D:5      | Learned a level 3 spell: Spider Form
  7294 | D:5      | Learned a level 2 spell: Blink
  7622 | D:7      | Found a burning altar of Makhleb.
  7622 | D:7      | Found a radiant altar of Vehumet.
  7622 | D:7      | Found a glowing golden altar of the Shining One.
  7713 | D:7      | Found a hide-covered altar of Uskayaw.
  7781 | D:7      | Reached skill level 1 in Invocations
  7851 | D:7      | Noticed Harold
  7945 | D:7      | Found a staircase to the Ecumenical Temple.
  9016 | D:8      | Noticed a two-headed ogre
  9098 | D:8      | Reached skill level 1 in Evocations
  9104 | D:8      | Reached XP level 8. HP: 28/54 MP: 2/11
  9107 | D:8      | Killed a two-headed ogre
  9107 | D:8      | Reached * piety under Okawaru
  9171 | D:8      | Found a sand-covered staircase.
  9431 | D:8      | Reached XP level 9. HP: 32/58 MP: 9/14
  9512 | Ossuary  | Entered an ossuary
  9985 | Ossuary  | Reached skill level 5 in Transmutations
 10226 | D:8      | Reached ** piety under Okawaru
 10944 | D:8      | Reached skill level 5 in Fighting
 11283 | D:8      | Noticed a troll
 11291 | D:8      | Killed a troll
 11343 | D:8      | Found a staircase to the Lair.
 11741 | D:8      | Reached XP level 10. HP: 66/68 MP: 13/16
 12497 | D:9      | Noticed Gastronok
 12851 | D:9      | Found a sparkling altar of Nemelex Xobeh.
 13078 | D:9      | Noticed a wolf spider
 13079 | D:9      | Found a sacrificial altar of Ru.
 13084 | D:9      | Found a transporter.
 13088 | D:9      | Noticed a skeletal warrior
 13099 | D:9      | Reached *** piety under Okawaru
 13381 | D:8      | Learned a level 4 spell: Ice Form
 13462 | D:9      | Noticed a tengu warrior
 13465 | D:9      | Found a transporter.
 13495 | D:9      | Reached skill level 5 in Dodging
 14024 | D:10     | Entered Level 10 of the Dungeon
 14063 | D:9      | Reached skill level 1 in Ice Magic
 14176 | D:10     | Reached **** piety under Okawaru
 14341 | D:10     | Found a staircase to the Orcish Mines.
 14763 | D:10     | Received a gift from Okawaru
 14771 | D:10     | Reached skill level 5 in Spellcasting
 14771 | D:10     | Reached XP level 11. HP: 28/72 MP: 3/18
 16331 | D:10     | Reached skill level 5 in Invocations
 16331 | D:10     | Reached skill level 5 in Evocations
 16437 | D:11     | Found Siaj's Distillery.
 16853 | D:11     | Noticed a cyclops
 16884 | D:11     | Killed a cyclops
 16884 | D:11     | Reached ***** piety under Okawaru
 17252 | D:11     | Noticed a death knight
 17741 | D:7      | Killed Harold
 18022 | D:9      | Killed Gastronok
 18227 | Lair:1   | Entered Level 1 of the Lair of Beasts
 18289 | Lair:1   | HP: 3/72 [wolf (1)]
 18760 | Lair:1   | Reached XP level 12. HP: 37/79 MP: 11/21
 19982 | Lair:1   | Reached skill level 5 in Stealth
 20402 | Lair:1   | Received a gift from Okawaru
 21356 | Lair:2   | Found a hole to the Spider Nest.
 21829 | Lair:2   | Found a staircase to the Swamp.
 22325 | Lair:2   | Noticed a seven-headed hydra
 22333 | Lair:2   | Killed a seven-headed hydra
 22516 | Lair:2   | Identified the +4 shortbow of the Swamp {freeze, rPois}
                  | (Okawaru gifted it to you on level 2 of the Lair of Beasts)
 22516 | Lair:2   | Received a gift from Okawaru
 23352 | Lair:2   | Reached skill level 10 in Unarmed Combat
 24492 | Lair:2   | Identified the Compendium of Stones and Conjuration
 25361 | Lair:3   | Reached XP level 13. HP: 88/88 MP: 17/22
 25677 | Lair:3   | Received a gift from Okawaru
 25999 | Lair:3   | Reached skill level 10 in Transmutations
 27744 | Lair:3   | Identified the Grimoire of Curses and Confrontation
 27752 | Lair:3   | Learned a level 5 spell: Blade Hands
 28180 | Lair:4   | Found a dark tunnel.
 28204 | Lair:4   | Received a gift from Okawaru
 28332 | Volcano  | Entered a volcano
 28434 | Volcano  | Engulfed by a cloud of flame

Illustrated notes

Levels and vault maps discovered:
D:1:      ncdulo_lavacross, layout_loops_ring,
          amcnicky_mini_rare_corridor_liquid, minmay_misc_feat_hallway
D:2:      layout_basic, lemuel_round_altar
D:3:      layout_loops_cross
D:4:      kennysheep_slugbush, layout_basic, serial_rivers,
          chequers_serial_rivers_room_a, chequers_serial_rivers_micro_a,
          chequers_serial_rivers_micro_d, chequers_serial_rivers_micro_b,
          minmay_tree_intersection, lemuel_another_geyser
D:5:      layout_cave_pools, pdpol_temple_overflow_zin_treasury_gozag_greed,
          serial_shops, shop, shop, nicolae_shop_waterfront, shop,
          nicolae_shop_temple_entry_statues_fountains, item_on_display_a
D:6:      layout_cave_pools, lemuel_round_altar, evilmike_ruin_ashenzari,
          serial_shops, shop, ebering_ghost_xom
D:7:      layout_loops_corners, nicolae_overflow_crystal_walls,
          gammafunk_temple_overflow_claw, minmay_temple_entry_stoned_glass,
          uniq_harold
D:8:      layout_layer_cave, erik_lair_island, enter_ossuary_4
D:9:      layout_loops_ring, gammafunk_temple_overflow_arena,
          nemelex_xobeh_ov_fountains_minmay, uniq_gastronok
D:10:     layout_gridville, minmay_orc_entry_temple_small
D:11:     layout_long_grid, serial_shops, shop, uniq_josephine
Lair:1:   layout_gridlike, special_room [special_room_bee], grunt_megastairs_1
Lair:2:   regret_index_combs_of_tragedy, layout_gridlike,
          minmay_swamp_entry_reptiles, spider_nest_entry_rubble,
          serial_bayou_lake_a
Lair:3:   layout_small_grid, bobbens_dragon_lair_wall
Lair:4:   layout_regular_city, enter_volcano_3, nicolae_quartered_pool_medium,
          infiniplex_staircase_pool_2
Volcano:  volcano_grotto [vgs_trial_by_fire]

Skill      XL: |  1  2  3  4  5  6  7  8  9 10 11 12 13 |
---------------+----------------------------------------+-----
Stealth        | 2 3 4 6 |  6.0
Fighting       | 2 3 4 6 8 9 |  9.2
Unarmed Combat | 4 5 6 8 10 | 10.8
Shields        | 2 3 4 |  4.0
Invocations    | 4 8 |  8.0
Evocations     | 1 4 6 |  6.0
Spellcasting   | 3 4 5 6 |  6.0
Transmutations | 3 6 7 8 10 | 10.0
Poison Magic   | 2 |  2.0
Dodging        | 3 6 8 |  8.0
Ice Magic      | 2 4 |  4.0

Action                   |  1- 3 |  4- 6 |  7- 9 | 10-12 | 13-15 || total
-------------------------+-------+-------+-------+-------+-------++-------
Melee: Unarmed           |    97 |   123 |   284 |   759 |   178 ||  1441
       Constrict         |    20 |    36 |    68 |    46 |     5 ||   175
       Tentacles         |    15 |    32 |    64 |    51 |     4 ||   166
       Punch             |     3 |     6 |    14 |    21 |     2 ||    46
       Kick              |     3 |    32 |    69 |    45 |       ||   149
Throw: Stone             |     3 |       |       |       |       ||     3
       Dart              |       |       |    19 |       |     1 ||    20
       Boomerang         |       |       |     4 |       |       ||     4
       Throwing net      |       |       |       |     1 |       ||     1
 Cast: Beastly Appendage |     7 |    26 |    27 |    16 |       ||    76
       Wereblood         |       |     4 |    12 |    29 |     8 ||    53
       Spider Form       |       |       |     6 |    27 |    10 ||    43
       Blink             |       |       |       |     1 |       ||     1
       Ice Form          |       |       |       |    38 |     6 ||    44
Invok: Heroism           |       |       |     2 |    21 |     2 ||    25
       Finesse           |       |       |       |     1 |       ||     1
Evoke: Wand              |       |     1 |     4 |     1 |     2 ||     8
       Lightning rod     |       |       |       |     4 |       ||     4
       Box of beasts     |       |       |       |     1 |     1 ||     2
  Use: Scroll            |       |     6 |     9 |    14 |     5 ||    34
       Potion            |       |       |     7 |     3 |     3 ||    13
 Stab: Sleeping          |    13 |    13 |     5 |    11 |     1 ||    43
       Distracted        |     1 |       |       |     2 |       ||     3
       Held in net/web   |       |       |       |     2 |       ||     2
Armor: Skin              |    10 |     4 |    25 |    95 |     9 ||   143
Dodge: Dodged            |    59 |    55 |   149 |   587 |   190 ||  1040
Block: Buckler           |       |       |    54 |    79 |    14 ||   147

Table legend: (Time is in decaauts)
 A = Elapsed time spent in this place.
 B = Non-inter-level travel time spent in this place.
 C = Inter-level travel time spent in this place.
 D = Time resting spent in this place.
 E = Time spent auto-exploring this place.
 F = Levels seen in this place.
 G = Mean time per level.
                   A        B        C        D        E       F      G
               +--------+--------+--------+--------+--------+-----+--------+
         Total |  28235 |  26702 |   1533 |  10290 |  12414 |  17 | 1660.9 |
       Dungeon |  17546 |  16171 |   1375 |   5040 |   8642 |  11 | 1595.1 |
          Lair |  10010 |   9852 |    158 |   4979 |   3647 |   4 | 2502.5 |
       Ossuary |    579 |    579 |      0 |    270 |    125 |   1 |  579.0 |
       Volcano |     98 |     98 |      0 |      0 |      0 |   1 |   98.0 |
               +--------+--------+--------+--------+--------+-----+--------+

Top non-repeatable levels by time:
  Lair:2: 4149 daAuts
  Lair:1: 3453 daAuts
     D:8: 2570 daAuts
    D:10: 2450 daAuts
     D:7: 2422 daAuts
     D:4: 2327 daAuts
  Lair:3: 2206 daAuts
     D:9: 1640 daAuts
     D:3: 1624 daAuts
     D:1: 1234 daAuts
     D:2: 887 daAuts
     D:5: 877 daAuts
    D:11: 820 daAuts
     D:6: 692 daAuts
 Ossuary: 579 daAuts
